 Dungeon Crawl Stone Soup version 0.20.1-1-g8b1a95d (webtiles) character file.

126 Jazqa the Vandal (level 5, -9/54 HPs)
             Began as a Halfling Hunter on Oct 29, 2017.
             Mangled by Crazy Yiuf
             ... wielding a +2 quarterstaff of chaos
              (16 damage)
             ... on level 2 of the Dungeon.
             The game lasted 00:02:16 (1811 turns).

Jazqa the Vandal (Halfling Hunter)                  Turns: 1811, Time: 00:02:17

Health: -9/54      AC: 22    Str: 14    XL:     5   Next: 32%
Magic:  5/5        EV:  3    Int:  9    God:
Gold:   105        SH:  0    Dex: 15    Spells: 4/4 levels left

rFire    . . .     SeeInvis .   a - +1 hunting sling
rCold    . . .     Gourm    .   (shield restricted)
rNeg     + + +     Faith    .   (armour currently unavailable)
rPois    +         Spirit   .   (helmet currently unavailable)
rElec    .         Reflect  .   (cloak currently unavailable)
rCorr    .         Harm     .   (gloves currently unavailable)
MR       .....     NoTele   +   (boots currently unavailable)
Stlth    ++........             (no amulet)
Regen    0.2/turn               (no ring)
MPRegen  0.1/turn               (no ring)

@: lethally poisoned (-9 -> -14), tree-form
A: mutation resistance 1
a: no special abilities


You were on level 2 of the Dungeon.
You were not hungry.
You were a tree.
You visited 1 branch of the dungeon, and saw 2 of its levels.

You collected 105 gold pieces.


Innate Abilities, Weirdness & Mutations

You are small and have problems with some larger weapons.
You are somewhat resistant to further mutation.


   Skills:
 + Level 3.4 Fighting
 + Level 7.6 Slings
 - Level 2.1 Dodging
 - Level 1.1 Stealth


You had 4 spell levels left.
You didn't know any spells.

Inventory:

Hand Weapons
 a - a +1 hunting sling (weapon)
 b - a +0 short sword
Missiles
 d - 39 sling bullets
 o - 4 stones (quivered)
Armour
 c - a +0 leather armour (melded)
Jewellery
 r - an uncursed ring of poison resistance {unknown}
Scrolls
 e - 3 scrolls of teleportation {unknown}
 j - 4 scrolls of identify {unknown}
 l - 3 scrolls of remove curse {unknown}
Potions
 h - a potion of degeneration {unknown}
 i - a potion of lignification {!q}
 m - 2 potions of heal wounds {unknown}
 n - 2 potions of curing {unknown}
 q - a potion of haste {unknown}
Comestibles
 f - 2 bread rations {@e1}
 g - 2 fruits {@e2}
 p - 2 meat rations {@e1}

Dungeon Overview and Level Annotations

Branches:
Dungeon (2/15)

Altars:
Hepliaklqana
Trog
Vehumet

Annotations:
D:2 Crazy Yiuf

#####.#
#.......###......⚑...
#.#
##########..░░░░...░░
#.# ###░ ░░.░░░ #.#
▒▒▒▒▒ ░.░░░ #.# ▒)()▒
###░ ░.... #.# ▒)()▒
#..░░ ░.░░░ #.# )))
###.####.).. #.# ▒g▒
###......... #.# ♣♣♣♣
#........... #.# ♣♣)♣
#.#.#####... #.# ♣)♣♣
###.# #.#. #.# ♣♣)♣
###.# #.#. #.# ♣♣)♣♣
#...# #... #.# ♣♣..)♣
##..# ###. #.# ♣....♣
#...# #. #.# #....#
##..# #.
#.#######....#
#..#######.


You could see Crazy Yiuf.


Message History

Unknown command.
Firing (i - inventory. (,) - cycle):
o - 7 stones (quivered)
Press: ? - help, Shift-Dir - straight line, f/p - Crazy Yiuf
Aim: Crazy Yiuf, wielding a quarterstaff of chaos and wearing a cloak (heavily wounded)
You shoot a stone. The stone hits Crazy Yiuf.
Crazy Yiuf is heavily wounded.
Crazy Yiuf barely misses you.
Firing (i - inventory. (,) - cycle):
o - 6 stones (quivered)
Press: ? - help, Shift-Dir - straight line, f/p - Crazy Yiuf
Aim: Crazy Yiuf, wielding a quarterstaff of chaos and wearing a cloak (heavily wounded)
You shoot a stone. The stone barely misses Crazy Yiuf.
You feel sick. Crazy Yiuf closely misses you.
Firing (i - inventory. (,) - cycle):
o - 5 stones (quivered)
Press: ? - help, Shift-Dir - straight line, f/p - Crazy Yiuf
Aim: Crazy Yiuf, wielding a quarterstaff of chaos and wearing a cloak (heavily wounded)
You shoot a stone. The stone hits Crazy Yiuf.
Crazy Yiuf is severely wounded.
You feel sick.
Crazy Yiuf hits you with a quarterstaff of chaos!
* * * LOW HITPOINT WARNING * * *
You are too injured to fight recklessly!
You are too injured to fight recklessly!
Unknown command.
It was a potion of lignification.
You turn into a tree.
Your +0 leather armour melds into your body.
Your roots penetrate the ground.
Crazy Yiuf hits you with a quarterstaff of chaos.
* * * LOW HITPOINT WARNING * * *
You are electrocuted!
You die...

Skill      XL: |  1  2  3  4 |
---------------+-------------+-----
Fighting       | 2 3 |  3.4
Slings         | 6 7 |  7.6
Dodging        | |  2.1
Stealth        | |  1.1

Action                   |  1- 3 |  4- 6 || total
-------------------------+-------+-------++-------
Melee: Short sword       |    19 |       ||    19
 Fire: Hunting sling     |    47 |    63 ||   110
  Use: Potion            |       |     1 ||     1
 Stab: Sleeping          |     1 |       ||     1
  Eat: Chunk             |       |     3 ||     3
Armor: Leather armour    |    12 |     1 ||    13
Dodge: Dodged            |    31 |     9 ||    40

Vault maps used:
D:1:      onia_arrival_mini_spirals
D:2:      nicolae_overflow_crystal_walls, vehumet_crystals, bloody_trog,
          uniq_natasha, uniq_crazy_yiuf_cottage

Notes
Turn   | Place    | Note
-------+----------+-------------------------------------------
     0 | D:1      | Jazqa the Halfling Hunter began the quest for the Orb.
     0 | D:1      | Reached XP level 1. HP: 14/14 MP: 1/1
    51 | D:1      | Reached skill level 2 in Fighting
    58 | D:1      | Reached skill level 6 in Slings
    81 | D:1      | Reached XP level 2. HP: 19/19 MP: 2/2
   654 | D:2      | Reached XP level 3. HP: 19/25 MP: 3/3
  1057 | D:2      | Reached skill level 7 in Slings
  1057 | D:2      | Reached XP level 4. HP: 30/30 MP: 4/4
  1227 | D:2      | Reached skill level 3 in Fighting
  1285 | D:2      | Found a bloodstained altar of Trog.
  1330 | D:2      | Noticed Natasha
  1336 | D:2      | Killed Natasha
  1384 | D:2      | Found a hazy altar of Hepliaklqana.
  1407 | D:2      | Reached XP level 5. HP: 30/36 MP: 5/5
  1419 | D:2      | Found a radiant altar of Vehumet.
  1587 | D:2      | Noticed Natasha
  1592 | D:2      | Killed Natasha
  1624 | D:2      | Found a runed door.
  1801 | D:2      | Noticed Crazy Yiuf
  1811 | D:2      | Mangled by Crazy Yiuf

Vanquished Creatures
  Natasha (twice) (D:2)
  4 adders (D:2)
  An ooze (D:2)
  2 dart slugs (D:2)
  2 giant cockroaches (D:2)
  3 goblins
  11 hobgoblins
  4 bats
  A frilled lizard (D:1)
  5 rats
35 creatures vanquished.
